 Dungeon Crawl Stone Soup version 0.24.0-1-gfbc8707 (webtiles) character file.

Game seed: 1028803461889750539, levelgen mode: deterministic

15077 bonscott the Reanimator (level 12, -17/91 HPs)
             Began as a Gnoll Necromancer on Oct 26, 2019.
             Was the Champion of Cheibriados.
             Demolished by Snorg (21 damage)
             ... on level 11 of the Dungeon.
             The game lasted 02:22:54 (15861 turns).

bonscott the Reanimator (Gnoll Necromancer)        Turns: 15861, Time: 02:22:55

Health: -17/91     AC: 14    Str: 29    XL:     12   Next: 23%
Magic:  24/24      EV: 21    Int: 34    God:    Cheibriados [******]
Gold:   273        SH:  4    Dex: 27    Spells: 12/28 levels left

rFire    . . .     SeeInvis .   v - +1 halberd (vamp)
rCold    . . .     Gourm    .   (shield currently unavailable)
rNeg     . . .     Faith    .   E - +2 robe {MR+}
rPois    .         Spirit   .   (no helmet)
rElec    .         Reflect  +   x - +0 cloak
rCorr    +         Harm     .   M - +1 pair of gloves {archery}
MR       +....     Rnd*Tele +   V - +2 pair of boots "Sonase" {+Fly}
Stlth    +++++.....             w - +4 amulet of reflection
HPRegen  0.00/turn              A - ring of resist corrosion
MPRegen  0.19/turn              T - +3 ring of protection

@: regenerating (expiring), very slow
A: distributed training, fangs 1, [clumsy 2], [inhibited regeneration],
[teleportitis 1], strong nose
a: Bend Time, Temporal Distortion, Slouch, Step From Time, Renounce Religion,
Evoke Flight


You were on level 11 of the Dungeon.
You worshipped Cheibriados.
Cheibriados was exalted by your worship.
You were hungry.

You visited 2 branches of the dungeon, and saw 12 of its levels.
You also visited: Gauntlet.

You collected 709 gold pieces.
You spent 436 gold pieces at shops.

Inventory:

Hand Weapons
 h - a +3 falchion of holy wrath
 n - a +4 great sword
 p - a +2 quarterstaff of protection
 v - a +1 vampiric halberd (weapon)
 C - a +5 hand axe of freezing
 U - a +2 scimitar of flaming
Missiles
 e - 149 stones (quivered)
 k - 50 poisoned darts
 r - 60 sling bullets
 z - 173 bolts
 K - 178 arrows
 P - 7 javelins
Armour
 x - a +0 cloak (worn)
 E - a +2 robe of magic resistance (worn)
 L - a +0 buckler
 M - a +1 pair of gloves of archery (worn)
 S - +1 shadow dragon scales
 V - the +2 pair of boots "Sonase" (worn) {+Fly}
   (You found it in a Gauntlet)

   It lets you fly.
Magical Staves
 s - an uncursed staff of cold
 y - an uncursed staff of power
 G - an uncursed staff of summoning
Jewellery
 w - a +4 amulet of reflection (around neck)
 A - a ring of resist corrosion (left hand)
 B - an uncursed amulet of faith {unknown}
 T - a +3 ring of protection (right hand)
Wands
 m - a wand of flame (16)
Scrolls
 a - a scroll of immolation
 b - 5 scrolls of teleportation
 d - a scroll of enchant armour
 g - 2 scrolls of enchant weapon
 i - 2 scrolls of fog
 t - 5 scrolls of remove curse
 D - a scroll of amnesia
 F - a scroll of silence {unknown}
 J - a scroll of magic mapping
 O - a scroll of brand weapon {unknown}
 R - a scroll of fear
Potions
 f - a potion of lignification
 j - a potion of resistance
 l - 3 potions of flight
 u - 2 potions of cancellation
 H - 2 potions of mutation
 I - 2 potions of curing
 Q - a potion of magic
Miscellaneous
 W - a box of beasts
Comestibles
 c - 25 rations
 o - 10 chunks of flesh


   Skills:
 + Level 7.0 Fighting
 + Level 7.0 Short Blades
 + Level 7.0 Long Blades
 + Level 7.0 Axes
 + Level 7.0 Maces & Flails
 + Level 7.0 Polearms
 + Level 7.0 Staves
 + Level 7.0 Slings
 + Level 7.0 Bows
 + Level 7.0 Crossbows
 + Level 7.0 Throwing
 + Level 7.0 Armour
 + Level 8.4 Dodging
 + Level 8.2 Stealth
 + Level 7.0 Shields
 + Level 7.0 Unarmed Combat
 + Level 8.7 Spellcasting
 + Level 5.8 Conjurations
 + Level 5.8 Hexes
 + Level 5.8 Charms
 + Level 5.8 Summonings
 + Level 9.2 Necromancy
 + Level 5.8 Translocations
 + Level 5.8 Transmutations
 + Level 5.8 Fire Magic
 + Level 5.8 Ice Magic
 + Level 5.8 Air Magic
 + Level 5.8 Earth Magic
 + Level 5.8 Poison Magic
 + Level 7.6 Invocations
 + Level 7.0 Evocations


You had 12 spell levels left.
You knew the following spells:

 Your Spells              Type           Power        Failure   Level  Hunger
a - Apportation           Tloc           ######       1%          1    None
d - Animate Dead          Necr           N/A          1%          4    None
p - Pain                  Necr           ####         1%          1    None
r - Regeneration          Chrm/Necr      ######....   1%          3    None
D - Lee's Rapid Deconstr  Erth           ######....   8%          5    ###....
P - Passwall              Tmut/Erth      ######..     1%          2    None

Your spell library contained the following spells:

 Spells                   Type           Power        Failure   Level  Hunger
 Animate Skeleton         Necr           N/A          1%          1    None
 Confusing Touch          Hex            ######       1%          1    None
 Sandblast                Erth           ######       1%          1    None
 Summon Small Mammal      Summ           ####         1%          1    None
 Stone Arrow              Conj/Erth      ######       1%          3    None
 Vampiric Draining        Necr           ######....   1%          3    None
 Petrify                  Tmut/Erth      ######..     2%          4    None
 Malign Gateway           Summ/Tloc      ######....   94%         7    ######.
 Monstrous Menagerie      Summ           ######....   94%         7    ######.
 Summon Greater Demon     Summ           ######....   94%         7    ######.
 Summon Horrible Things   Summ           ######....   100%        8    #######


Dungeon Overview and Level Annotations

Branches:
Dungeon (11/15)            Temple (0/1) D:7            Lair (0/6) D:9
    Orc (1/2) D:9         Gauntlet (visited)

Altars:
Ashenzari
Cheibriados
Nemelex Xobeh
Ru
Vehumet
Yredelemnul
The Shining One

Shops:
D:5 :   D:6 ?[?**   D:7 ![[:(   D:10 (   D:11 =

Annotations:
D:10 4 runed translucent doors
D:11 Snorg
Orc:1 Fannar


Innate Abilities, Weirdness & Mutations

Your experience applies equally to all skills.
You have very sharp teeth.
Your uncanny sense of smell can sniff out nearby items.
[You are very clumsy. (Dex -4)]
[You do not regenerate when monsters are visible.]
[You are occasionally teleported next to monsters.]


Message History

Snorg is almost dead.
You block Snorg's attack. Snorg barely misses you. Snorg misses you.
The phantom barely misses you. Snorg closely misses you. x2
Snorg completely misses you.
You completely miss Snorg.
Snorg is almost dead.
Your skin is crawling a little less now.
Snorg misses you. x2; Snorg claws you!
* * * LOW HITPOINT WARNING * * *
The phantom closely misses you.
You feel better. Snorg closely misses you. Snorg claws you!
* * * LOW HITPOINT WARNING * * *
You block Snorg's attack. The phantom closely misses you.
You block Snorg's attack. Snorg closely misses you. Snorg misses you.
You hit Snorg.
You feel better.
Snorg is almost dead.
Snorg bites you!
* * * LOW HITPOINT WARNING * * *
Snorg claws you!!
You die...

*,*,#.**##....#####....#
#......##.........##.#..
*#...(..........##^##....
*...............∩#....#..
*......(....(....####....
*......(....(....##.....#
*?...........(.).##.)....
*.......T....>...##<)....
*......W@[.......##.)..##
*#.....[.)......##....###
##....$#...[..###.#### #
##..:.#..........#
#....#...######## *
#....#...# ### #...##...#
######.. #..%##...#
#......# #.......##
#.###...


You could see Snorg (berserk) and a phantom.

Vanquished Creatures
  Erica (D:8)
  A two-headed ogre (D:10)
  A death yak (D:9)
  Nergalle (D:9)
  A wretched star (Gauntlet)
  An unseen horror (D:10)
  An ugly thing (D:10)
  An orc sorcerer (D:9)
  A gargoyle (D:10)
  A kobold demonologist (D:11)
  A centaur skeleton (D:11)
  2 trolls (D:10)
  A hippogriff (D:10)
  6 flying skulls (Gauntlet)
  11 yaks (D:9)
  A wraith (D:10)
  Duvessa (D:3)
  7 orc warriors
  A swamp drake (D:9)
  A black bear (D:9)
  A phantom (D:3)
  3 sky beasts
  A necrophage (D:7)
  2 ice beasts
  5 centaurs
  A wolf (Gauntlet)
  6 ogres
  2 big kobolds
  Dowan (D:3)
  6 bullfrogs
  3 scorpions
  5 killer bees (D:7)
  5 howler monkeys
  5 wights
  8 crimson imps
  2 jellies
  3 centaur zombies
  2 bullfrog skeletons
  5 hounds
  A gnoll shaman (D:6)
  9 orc priests
  18 orc wizards
  3 iguanas
  10 worker ants
  2 hound skeletons
  10 gnolls
  A howler monkey skeleton (D:4)
  11 adders
  2 shadow imps
  A white imp (D:4)
  2 oozes (D:2)
  3 adder skeletons
  An adder zombie (D:5)
  3 worms
  A dart slug (D:3)
  10 leopard geckos
  65 orcs
  A ball python (D:3)
  5 giant cockroaches
  17 goblins
  13 hobgoblins
  6 jackals
  2 quokkas
  A ball python skeleton (D:4)
  8 bats
  A frilled lizard (D:3)
  20 kobolds
  2 quokka zombies
  6 rats
343 creatures vanquished.

Vanquished Creatures (others)
  A kobold (D:8)
  6 demonic plants (Gauntlet)
7 creatures vanquished.

Grand Total: 350 creatures vanquished

Notes
Turn   | Place    | Note
-------+----------+-------------------------------------------
     0 | D:1      | bonscott the Gnoll Necromancer began the quest for the Orb.
     0 | D:1      | Reached XP level 1. HP: 13/13 MP: 6/6
   285 | D:1      | Reached XP level 2. HP: 18/19 MP: 4/7
   971 | D:2      | Reached XP level 3. HP: 19/25 MP: 1/9
  1101 | D:2      | Reached skill level 5 in Spellcasting
  1198 | D:2      | Learned a level 3 spell: Regeneration
  1518 | D:2      | Reached skill level 1 in Fighting
  1518 | D:2      | Reached skill level 1 in Short Blades
  1518 | D:2      | Reached skill level 1 in Long Blades
  1518 | D:2      | Reached skill level 1 in Axes
  1518 | D:2      | Reached skill level 1 in Maces & Flails
  1518 | D:2      | Reached skill level 1 in Polearms
  1518 | D:2      | Reached skill level 1 in Staves
  1518 | D:2      | Reached skill level 1 in Slings
  1518 | D:2      | Reached skill level 1 in Bows
  1518 | D:2      | Reached skill level 1 in Crossbows
  1518 | D:2      | Reached skill level 1 in Throwing
  1518 | D:2      | Reached skill level 1 in Armour
  1518 | D:2      | Reached skill level 1 in Shields
  1518 | D:2      | Reached skill level 1 in Unarmed Combat
  1518 | D:2      | Reached skill level 1 in Invocations
  1518 | D:2      | Reached skill level 1 in Evocations
  1518 | D:2      | Reached XP level 4. HP: 29/32 MP: 6/11
  1819 | D:2      | Found a snail-covered altar of Cheibriados.
  1827 | D:2      | Became a worshipper of Cheibriados the Contemplative
  1833 | D:2      | Learned a level 4 spell: Animate Dead
  2261 | D:3      | Noticed a phantom
  2640 | D:3      | Killed a phantom
  2640 | D:3      | Reached skill level 1 in Conjurations
  2640 | D:3      | Reached skill level 1 in Hexes
  2640 | D:3      | Reached skill level 1 in Charms
  2640 | D:3      | Reached skill level 1 in Summonings
  2640 | D:3      | Reached skill level 1 in Translocations
  2640 | D:3      | Reached skill level 1 in Transmutations
  2640 | D:3      | Reached skill level 1 in Fire Magic
  2640 | D:3      | Reached skill level 1 in Ice Magic
  2640 | D:3      | Reached skill level 1 in Air Magic
  2640 | D:3      | Reached skill level 1 in Earth Magic
  2640 | D:3      | Reached skill level 1 in Poison Magic
  2640 | D:3      | Reached XP level 5. HP: 22/37 MP: 4/12
  3192 | D:3      | Reached * piety under Cheibriados
  3387 | D:3      | Found a sacrificial altar of Ru.
  3558 | D:3      | Reached XP level 6. HP: 35/44 MP: 6/13
  3982 | D:4      | Noticed Duvessa
  3982 | D:4      | Noticed Dowan
  4142 | D:3      | Killed Duvessa
  4142 | D:3      | Reached skill level 5 in Dodging
  4159 | D:3      | Killed Dowan
  4159 | D:3      | Reached ** piety under Cheibriados
  4464 | D:4      | Reached XP level 7. HP: 49/50 MP: 15/15
  5693 | D:4      | Reached skill level 5 in Stealth
  5848 | D:5      | Entered Level 5 of the Dungeon
  5911 | D:4      | Reached XP level 8. HP: 48/57 MP: 16/16
  5999 | D:5      | Found a sparkling altar of Nemelex Xobeh.
  6408 | D:5      | Reached *** piety under Cheibriados
  6730 | D:5      | Reached **** piety under Cheibriados
  7091 | D:5      | Found a sparkling altar of Nemelex Xobeh.
  7175 | D:5      | Found Enocu's Book Shoppe.
  7723 | D:6      | Reached XP level 9. HP: 65/65 MP: 16/18
  7807 | D:6      | Found Mole's General Store.
  7982 | D:6      | Found Sytomm's General Store.
  8041 | D:6      | Found Guxzari's Armour Emporium.
  8127 | D:6      | Found a basalt altar of Yredelemnul.
  8133 | D:6      | Reached ***** piety under Cheibriados
  8134 | D:6      | Found Bawilli's Magic Scroll Boutique.
  8322 | D:6      | Found a radiant altar of Vehumet.
  8393 | D:6      | Found Pubraqai's Magic Scroll Boutique.
  8594 | D:7      | Found Heqes's Book Boutique.
  8637 | D:7      | Found Ziatun's Antique Weapon Shop.
  8696 | D:7      | Found a staircase to the Ecumenical Temple.
  8785 | D:7      | Reached skill level 8 in Necromancy
  9140 | D:7      | Reached skill level 5 in Invocations
  9275 | D:7      | Found Zoifunwe's Distillery.
  9289 | D:7      | Found Jisiaboq's Antique Armour Emporium.
  9370 | D:7      | Found Boawko's Armour Shop.
  9514 | D:7      | Reached XP level 10. HP: 58/73 MP: 20/20
  9874 | D:7      | Bought a potion of lignification for 33 gold pieces
  9874 | D:7      | Bought a potion of degeneration for 11 gold pieces
  9951 | D:6      | Bought a scroll of fear for 49 gold pieces
  9951 | D:6      | Bought a scroll of noise for 14 gold pieces
  9951 | D:6      | Bought a scroll of magic mapping for 49 gold pieces
 10605 | D:8      | Reached skill level 5 in Fighting
 10605 | D:8      | Reached skill level 5 in Short Blades
 10605 | D:8      | Reached skill level 5 in Long Blades
 10605 | D:8      | Reached skill level 5 in Axes
 10605 | D:8      | Reached skill level 5 in Maces & Flails
 10605 | D:8      | Reached skill level 5 in Polearms
 10605 | D:8      | Reached skill level 5 in Staves
 10605 | D:8      | Reached skill level 5 in Slings
 10605 | D:8      | Reached skill level 5 in Bows
 10605 | D:8      | Reached skill level 5 in Crossbows
 10605 | D:8      | Reached skill level 5 in Throwing
 10605 | D:8      | Reached skill level 5 in Armour
 10605 | D:8      | Reached skill level 5 in Shields
 10605 | D:8      | Reached skill level 5 in Unarmed Combat
 10605 | D:8      | Reached skill level 5 in Evocations
 10790 | D:8      | Noticed Erica
 10833 | D:8      | Killed Erica
 11375 | D:9      | Found a staircase to the Lair.
 11747 | D:9      | Found a staircase to the Orcish Mines.
 11869 | D:9      | Found a shattered altar of Ashenzari.
 11883 | D:9      | Found a glowing golden altar of the Shining One.
 11909 | D:9      | Learned a level 2 spell: Passwall
 12288 | D:9      | Noticed a death yak
 12323 | D:9      | Reached ****** piety under Cheibriados
 12324 | D:9      | Reached XP level 11. HP: 67/81 MP: 18/22
 12351 | D:9      | Killed a death yak
 12500 | D:10     | Entered Level 10 of the Dungeon
 12611 | D:5      | Bought a book of Cantrips for 280 gold pieces
 12613 | D:5      | Learned a level 1 spell: Apportation
 12739 | D:10     | Found a large runed translucent door.
 12747 | D:10     | Noticed a wizard
 12753 | D:10     | Found a large runed translucent door.
 12782 | D:10     | Reached skill level 5 in Conjurations
 12782 | D:10     | Reached skill level 5 in Hexes
 12782 | D:10     | Reached skill level 5 in Charms
 12782 | D:10     | Reached skill level 5 in Summonings
 12782 | D:10     | Reached skill level 5 in Translocations
 12782 | D:10     | Reached skill level 5 in Transmutations
 12782 | D:10     | Reached skill level 5 in Fire Magic
 12782 | D:10     | Reached skill level 5 in Ice Magic
 12782 | D:10     | Reached skill level 5 in Air Magic
 12782 | D:10     | Reached skill level 5 in Earth Magic
 12782 | D:10     | Reached skill level 5 in Poison Magic
 12834 | D:10     | Noticed a brown ugly thing
 12858 | D:10     | Killed a brown ugly thing
 13016 | D:10     | Found a large runed translucent door.
 13016 | D:10     | Found a large runed translucent door.
 13127 | D:10     | Killed an unseen horror
 13481 | Orc:1    | Entered Level 1 of the Orcish Mines
 13495 | Orc:1    | Noticed Nergalle
 13497 | Orc:1    | Noticed an orc sorcerer
 13509 | Orc:1    | Noticed Fannar
 13529 | D:9      | Killed Nergalle
 13843 | D:9      | Killed an orc sorcerer
 13843 | D:9      | Reached skill level 9 in Necromancy
 14041 | D:10     | Found Vade's Antique Weapon Boutique.
 14476 | D:10     | Learned a level 5 spell: Lee's Rapid Deconstruction
 14582 | D:10     | Noticed a two-headed ogre
 14593 | D:10     | Killed a two-headed ogre
 14797 | D:11     | Noticed Snorg
 14797 | D:11     | Noticed a purple ugly thing
 14899 | D:11     | Found Voguogh's Jewellery Shoppe.
 14916 | D:11     | Found a gate leading to a gauntlet.
 14929 | Gauntlet | Entered a Gauntlet
 14929 | Gauntlet | Found a transporter.
 14929 | Gauntlet | Found a transporter.
 14929 | Gauntlet | Noticed a worldbinder
 14953 | Gauntlet | Found a transporter.
 14954 | Gauntlet | Found a transporter.
 14966 | Gauntlet | Found a transporter.
 14969 | Gauntlet | Found a transporter.
 14982 | Gauntlet | Found a transporter.
 14983 | Gauntlet | Noticed a dire elephant
 14998 | Gauntlet | Noticed a wretched star
 15001 | Gauntlet | Found a transporter.
 15006 | Gauntlet | Found a transporter.
 15009 | Gauntlet | Found a transporter.
 15011 | Gauntlet | Found a runed translucent gate.
 15011 | Gauntlet | Found a runed translucent gate.
 15011 | Gauntlet | Found a runed translucent gate.
 15021 | Gauntlet | Found a transporter.
 15024 | Gauntlet | Found a transporter.
 15145 | Gauntlet | Reached XP level 12. HP: 85/89 MP: 20/24
 15196 | Gauntlet | Got a pair of distressingly furry boots
 15207 | Gauntlet | Killed a wretched star
 15275 | Gauntlet | Noticed a minotaur
 15602 | D:10     | Identified the +2 pair of boots "Sonase" {+Fly} (You found
                  | it in a Gauntlet)
 15861 | D:11     | HP: 4/91 [Snorg (15)]
 15861 | D:11     | Demolished by Snorg

Levels and vault maps discovered:
D:1:      dpeg_arrival_solitude, layout_basic, serial_bayou_pond_d
D:2:      layout_loops_corners, cheibriados_altar_1, small_statue_intersection
D:3:      layout_loops_corners, lemuel_round_altar, serial_glass,
          glass_columns_a, glass_columns_a, first_ration,
          kennysheep_generic_room_15
D:4:      layout_loops_corners, minmay_fire_ice_demons, uniq_duvessa
D:5:      corexii_shantytown, layout_cave_pools, marbit_many_paths,
          serial_shops, shop, nemelex_xobeh_ov_fountains_minmay
D:6:      layout_basic, overflow_temple_1_default, serial_shops, shop,
          nicolae_shop_waterfront, shop, shop, nicolae_shop_behind_doors,
          basic_altar
D:7:      layout_basic, temple_doors_e, serial_shops, nicolae_shop_trees,
          shop_fountains, shop, nicolae_shop_trees, nicolae_shop_crystal,
          grunt_ogre_cave, st_stairs_4, minmay_between
D:8:      layout_basic, uniq_erica
D:9:      argonaut_augean_stables, layout_long_grid, grunt_temple_overflow_open,
          erik_orc_1
D:10:     layout_basic, serial_shops, shop, minmay_hollow_rounded_squares
D:11:     layout_rooms, serial_shops, shop, gauntlet_entry_generic, st_stairs_6,
          uniq_snorg
Orc:1:    layout_caves, serial_shops, nicolae_shop_behind_doors, uniq_fannar,
          uniq_nergalle

Skill      XL: |  1  2  3  4  5  6  7  8  9 10 11 12 |
---------------+-------------------------------------+-----
Spellcasting   | 5 6 7 8 |  8.7
Fighting       | 1 2 3 4 5 6 7 |  7.0
Short Blades   | 1 2 3 4 5 6 7 |  7.0
Long Blades    | 1 2 3 4 5 6 7 |  7.0
Axes           | 1 2 3 4 5 6 7 |  7.0
Maces & Flails | 1 2 3 4 5 6 7 |  7.0
Polearms       | 1 2 3 4 5 6 7 |  7.0
Staves         | 1 2 3 4 5 6 7 |  7.0
Slings         | 1 2 3 4 5 6 7 |  7.0
Bows           | 1 2 3 4 5 6 7 |  7.0
Crossbows      | 1 2 3 4 5 6 7 |  7.0
Throwing       | 1 2 3 4 5 6 7 |  7.0
Armour         | 1 2 3 4 5 6 7 |  7.0
Shields        | 1 2 3 4 5 6 7 |  7.0
Unarmed Combat | 1 2 3 4 5 6 7 |  7.0
Invocations    | 1 2 3 4 5 6 7 |  7.6
Evocations     | 1 2 3 4 5 6 7 |  7.0
Conjurations   | 1 2 3 4 5 |  5.8
Hexes          | 1 2 3 4 5 |  5.8
Charms         | 1 2 3 4 5 |  5.8
Summonings     | 1 2 3 4 5 |  5.8
Translocations | 1 2 3 4 5 |  5.8
Transmutations | 1 2 3 4 5 |  5.8
Fire Magic     | 1 2 3 4 5 |  5.8
Ice Magic      | 1 2 3 4 5 |  5.8
Air Magic      | 1 2 3 4 5 |  5.8
Earth Magic    | 1 2 3 4 5 |  5.8
Poison Magic   | 1 2 3 4 5 |  5.8
Dodging        | 5 6 7 8 |  8.4
Stealth        | 5 6 7 8 |  8.2
Necromancy     | 8 9 |  9.2

Action                   |  1- 3 |  4- 6 |  7- 9 | 10-12 || total
-------------------------+-------+-------+-------+-------++-------
Melee: Unarmed           |    11 |       |       |       ||    11
       Short sword       |    10 |    96 |    44 |       ||   150
       Bite              |       |    22 |    62 |   106 ||   190
       Punch             |       |     1 |     4 |     5 ||    10
       Hand axe          |       |    31 |    25 |    10 ||    66
       Flail             |       |       |    51 |       ||    51
       Falchion          |       |       |   178 |    81 ||   259
       Halberd           |       |       |    86 |   336 ||   422
       Quarterstaff      |       |       |    11 |       ||    11
       Staff             |       |       |       |    15 ||    15
Throw: Stone             |    18 |   102 |   131 |   134 ||   385
       Dart              |       |    30 |    33 |    58 ||   121
       Javelin           |       |       |       |    11 ||    11
       Throwing net      |       |       |       |     2 ||     2
 Cast: Pain              |    35 |    83 |   110 |    17 ||   245
       Regeneration      |       |    16 |    18 |    30 ||    64
       Apportation       |       |       |       |     3 ||     3
       Lee's Rapid Decon |       |       |       |     1 ||     1
Invok: Bend Time         |       |       |     9 |    20 ||    29
  Use: Scroll            |       |    10 |     8 |     7 ||    25
       Potion            |       |     2 |     1 |     9 ||    12
 Stab: Sleeping          |     3 |     3 |    16 |     7 ||    29
       Distracted        |       |       |       |     3 ||     3
       Held in net/web   |       |       |       |     1 ||     1
       Invisible         |       |       |       |     1 ||     1
  Eat: Chunk             |     2 |     9 |     9 |    13 ||    33
Armor: Robe              |     8 |    19 |    91 |   106 ||   224
       Skin              |       |     1 |    11 |       ||    12
Dodge: Dodged            |    12 |    99 |   323 |   476 ||   910
Block: Other             |       |     6 |    24 |    85 ||   115
       Reflection        |       |     1 |     1 |     6 ||     8
       Buckler           |       |       |    33 |       ||    33
       Rpst.: Falchion   |       |       |    26 |    20 ||    46
